AoeStats
← oceaningabyss

Hill Fort

504585833Analyzed
3v3 RM · 28d ago on Sep 5, 2026· 41m 39s· 6 players
Game mode
Random Map
Map size
Normal (6 player)
Population
200
Speed
Normal
Resources
Standard
Victory
Conquest
Starting age
Dark Age
Ending age
Imperial Age
RankedLock teamsTeams togetherTeam positionsShared explorationLock speedFull tech treeHidden civsTurbo modeCheats
Victory
Defeat
🇵🇪 Spanish · Peru
1586
+12
🇩🇪 Berbers · Germany
1582
+12
🇨🇳 Teutons · China
1517
+15
🇫🇮 Spanish · Finland
1573
-15
🇺🇸 Chinese · United States
1546
-15
🇨🇦 Khmer · Canada
1383
-9
p0ni spice latte
0:31 Loom
10:55 Feudal Age
11:31 Feudal Age
15:49 Castle Age
14:32 Fletching
15:58 Crossbowman
17:13 Bodkin Arrow
19:15 Gold Mining
19:54 Double-Bit Axe
20:16 Padded Archer Armor
21:00 Horse Collar
24:40 Ballistics
25:25 Wheelbarrow
31:20 Imperial Age
30:03 Bow Saw
30:48 Leather Archer Armor
31:21 Arbalester
32:02 Bracer
33:17 Ring Archer Armor
33:17 Hand Cart
34:00 Thumb Ring
36:45 Conscription
37:50 Two-Man Saw
38:14 Town Watch
40:39 Elite Skirmisher
mundobear
11:21 Feudal Age
15:13 Castle Age
13:39 Loom
14:39 Horse Collar
14:47 Double-Bit Axe
16:24 Padded Archer Armor
26:19 Wheelbarrow
29:19 Bloodlines
31:26 Fletching
32:49 Leather Archer Armor
33:49 Elite Skirmisher
35:09 Hand Cart
35:06 Bodkin Arrow
37:56 Gold Mining
38:22 Bow Saw
41:34 Imperial Age
39:36 Ballistics
39:41 Husbandry
39:47 Scale Barding Armor
40:31 Forging
40:57 Chain Barding Armor
40:37 Pikeman
41:18 Squires
42:35 Iron Casting
oceaningabyss
11:46 Feudal Age
14:39 Loom
20:14 Double-Bit Axe
20:10 Horse Collar
20:40 Fletching
27:51 Castle Age
27:46 Padded Archer Armor
30:09 Bodkin Arrow
30:23 Crossbowman
32:44 Leather Archer Armor
41:19 Wheelbarrow
Matzeking
11:47 Feudal Age
12:18 Loom
15:44 Castle Age
13:59 Double-Bit Axe
13:56 Horse Collar
16:46 Bow Saw
19:37 Fletching
19:57 Forging
21:08 Bodkin Arrow
25:42 Ballistics
26:06 Padded Archer Armor
26:32 Husbandry
26:42 Bloodlines
27:09 Gold Mining
30:48 Wheelbarrow
34:38 Imperial Age
32:09 Town Watch
32:58 Hand Cart
33:29 Kasbah
34:08 Leather Archer Armor
35:22 Bracer
36:24 Chemistry
36:57 Heavy Plow
38:16 Ring Archer Armor
37:54 Thumb Ring
39:39 Conscription
38:58 Elite Camel Archer
40:19 Scale Barding Armor
40:25 Forging
40:50 Crop Rotation
41:22 Light Cavalry
42:22 Masonry
LvSP | Réyiman
10:46 Feudal Age
12:44 Loom
15:35 Castle Age
13:53 Horse Collar
14:30 Double-Bit Axe
16:43 Bow Saw
17:02 Gold Mining
25:48 Wheelbarrow
26:57 Heavy Plow
26:45 Town Watch
28:30 Stone Mining
28:53 Bloodlines
29:24 Husbandry
31:32 Hand Cart
31:53 Fervor
36:22 Imperial Age
34:05 Scale Barding Armor
35:18 Chain Barding Armor
35:29 Forging
36:31 Stone Shaft Mining
37:28 Iron Casting
37:53 Plate Barding Armor
36:39 Cavalier
38:42 Iron Casting
38:13 Paladin
40:33 Two-Man Saw
40:58 Blast Furnace
40:29 Masonry
41:06 Ballistics
40:46 Light Cavalry
Long-Long-Way
6:03 Loom
8:43 Feudal Age
10:15 Town Watch
11:16 Fletching
20:00 Horse Collar
26:30 Castle Age
26:30 Double-Bit Axe
27:23 Bow Saw
28:31 Heavy Plow
33:28 Wheelbarrow
33:22 Gold Mining
39:57 Imperial Age
38:44 Forging
38:40 Scale Barding Armor
39:06 Stone Mining
39:58 Hand Cart
40:11 Caravan
40:50 Bloodlines
40:02 Cavalier
41:04 Chain Barding Armor
41:19 Iron Casting
41:06 Conscription
41:34 Paladin
Connection lost

Rejoining the realm…

Still unreachable

The connection could not be restored.

Session expired

The server has moved on; the page needs a fresh start.